 Dungeon Crawl Stone Soup version 0.20-a0-927-g1ae2c61 (webtiles) character file.

8310 M4edhros the Blocker (level 11, -6/70 HPs)
             Began as an Octopode Artificer on Mar 28, 2017.
             Was an Elder of Fedhas.
             Mangled by a white ugly thing (14 damage)
             ... in an ice cave.
             The game lasted 00:27:53 (4868 turns).

M4edhros the Blocker (Octopode Artificer)           Turns: 4868, Time: 00:27:54

Health: -6/70      AC:  5    Str: 11    XL:     11   Next: 28%
Magic:  15/15      EV: 15    Int: 13    God:    Fedhas [****..]
Gold:   873        SH: 12    Dex: 17    Spells: 10/10 levels left

rFire    . . .     SeeInvis +   s - +2 trident (venom)
rCold    . . .     Gourm    .   p - +0 shield
rNeg     + . .     Faith    .   v - +2 hat
rPois    .         Spirit   .   w - amulet of regeneration
rElec    .         Reflect  .   (no ring)
rCorr    .         Harm     .   N - ring of positive energy
MR       .....                  (no ring)
Stlth    ++++++....             (no ring)
Regen    0.0/turn               (no ring)
MPRegen  0.2/turn               (no ring)
                                (no ring)
                                (no ring)

@: no status effects
A: almost no armour, stealthy swim, amphibious, 8 rings, constrict 8, antennae
1, iridescent scales 1, camouflage 1, see invisible, inhibited regeneration,
gelatinous body 1
a: Fungal Bloom, Evolution, Sunlight, Growth, Reproduction, Renounce Religion


You were in an ice cave.
You worshipped Fedhas.
Fedhas was greatly pleased with you.
You were full.

You visited 3 branches of the dungeon, and saw 12 of its levels.
You also visited: Ice Cave.

You collected 873 gold pieces.

Inventory:

Hand Weapons
 a - a +0 short sword
 h - a +0 hunting sling
 q - a +0 mace of protection
 s - a +2 trident of venom (weapon)
Missiles
 e - 262 stones (quivered)
 r - a curare-tipped needle
Armour
 p - a +0 shield (worn)
 v - a +2 hat (worn)
Jewellery
 n - an uncursed amulet of the gourmand
 w - an amulet of regeneration (around mantle)
 G - an uncursed ring of teleportation
 N - a ring of positive energy (right tentacle)
Wands
 b - a wand of flame (2/48)
 c - a wand of enslavement (0/24)
 d - a wand of random effects (0/48)
 u - a wand of random effects (18/48)
 y - a wand of enslavement (0/24)
 B - a wand of polymorph (6/24)
 C - a wand of digging (11/24)
 E - a wand of paralysis (0/24)
 O - a wand of iceblast (3/15)
Scrolls
 g - 2 scrolls of enchant weapon {unknown}
 t - 2 scrolls of remove curse
 A - a scroll of noise {unknown}
 F - 4 scrolls of teleportation {unknown}
 J - a scroll of enchant armour
 K - a scroll of vulnerability {unknown}
 L - 2 scrolls of fear
 Q - a scroll of recharging {unknown}
Potions
 i - a potion of might
 l - a potion of haste
 m - 5 potions of magic
 o - 4 potions of brilliance
 z - 2 potions of ambrosia {unknown}
 H - a potion of degeneration {unknown}
 I - a potion of flight {unknown}
 M - 3 potions of lignification {unknown}
 P - a potion of invisibility {unknown}
Books
 D - a book of Maledictions

   Spells                             Type                      Level
   a - Corona                         Hexes                        1
   b - Ensorcelled Hibernation        Hexes/Ice                    2
   c - Confuse                        Hexes                        3
   d - Tukima's Dance                 Hexes                        3
   e - Dazzling Spray                 Conjuration/Hexes            3
Comestibles
 f - 5 bread rations
 j - 4 meat rations
 k - a royal jelly
 x - 16 fruits


   Skills:
 + Level 4.4 Fighting
 - Level 1.0 Short Blades
 * Level 4.4 Polearms
 + Level 4.4 Dodging
 + Level 11.2 Stealth
 - Level 12.6 Shields
 * Level 6.1 Invocations
 + Level 5.8 Evocations


You had 10 spell levels left.
You didn't know any spells.

Dungeon Overview and Level Annotations

Branches:
Dungeon (9/15)             Temple (1/1) D:5             Orc (2/2) D:9
    Elf (0/3) Orc:2
   Lair: D:8-11

Altars:
Ashenzari
Cheibriados
Dithmenos
Elyvilon
Fedhas
Gozag
Hepliaklqana
Kikubaaqudgha
Makhleb
Nemelex Xobeh
Okawaru
Qazlal
Ru
Trog
Uskayaw
Vehumet
Wu Jian
Xom
Yredelemnul
Zin
The Shining One
Beogh


Innate Abilities, Weirdness & Mutations

You cannot wear most types of armour.
You are very stealthy in the water. (Stealth+)
You are amphibious.
You can wear up to eight rings at the same time.
You can use your tentacles to constrict eight enemies at once.
Your skin changes colour to match your surroundings (Stealth+).
Your rubbery body absorbs attacks. (AC +1, EV +1)
You have a pair of small antennae on your head.
You are partially covered in iridescent scales. (AC +2)
You have supernaturally acute eyesight. (SInv)
You do not regenerate when monsters are visible.


Message History

This wand has 2 charges left.
The white ugly thing kicks you. The white ugly thing freezes you!!
* * * LOW HITPOINT WARNING * * *
Evoke which item? (* to show all) (? for menu, Esc to quit)
Aiming: Paralyse
Press: ? - help, Shift-Dir - straight line, f/p - black bear
Aim: a black bear (chance to defeat MR: 63%)
The white ugly thing resists with some effort.
This wand has 1 charge left.
You block the white ugly thing's attack.
Evoke which item? (* to show all) (? for menu, Esc to quit)
Aiming: Paralyse
Press: ? - help, Shift-Dir - straight line, f/p - black bear
Aim: a black bear (chance to defeat MR: 63%)
The white ugly thing resists with some effort.
This wand has 0 charges left.
The white ugly thing kicks you!
* * * LOW HITPOINT WARNING * * *
The white ugly thing freezes you!
You die...
Fedhas appreciates your contribution to the ecosystem.

## #.# #.# #.#
##.# ##@#
######u##
##....h##
##...∩...##
##.........##
#.....∩.....#
#...........#
#...........#
#.............#


You could see a white ugly thing and a black bear.

Vanquished Creatures
  Erica (D:8)
  A wandering mushroom (Orc:2)
  Sonja (Orc:2)
  A sixfirhy (Orc:2)
  An orc sorcerer (Orc:2)
  Maurice (D:8)
  A queen bee (D:8)
  A warg (D:8)
  11 orc warriors
  An ice beast (IceCv)
  A sky beast (D:5)
  2 ogres
  2 electric eels (D:9)
  3 bullfrogs
  2 scorpions
  14 killer bees
  A howler monkey (D:5)
  A crimson imp (D:5)
  3 hounds
  A jelly (D:7)
  10 orc priests
  A centaur skeleton (D:8)
  An iguana (D:9)
  16 orc wizards
  9 worker ants
  5 adders
  An ooze (D:3)
  3 worms (D:2)
  10 dart slugs
  4 leopard geckos
  41 orcs
  A ball python (D:1)
  4 giant cockroaches
  5 goblins
  A hobgoblin (D:2)
  6 jackals
  2 kobolds
  6 quokkas
  3 bats
  6 frilled lizards
  2 leopard gecko skeletons
  A quokka skeleton (D:5)
  7 rats
195 creatures vanquished.

Vanquished Creatures (collateral kills)
  An orc knight (Orc:1)
  An orc sorcerer (Orc:1)
  A hippogriff (D:9)
  10 orc warriors
  A warg (Orc:2)
  4 ice beasts (IceCv)
  A slave (D:8)
  2 phantoms (D:9)
  9 killer bees (D:8)
  2 bullfrog skeletons (D:6)
  4 orc wizards
  5 orc priests
  12 orcs
  A jackal (D:6)
54 creatures vanquished.

Vanquished Creatures (others)
  A slave (D:8)
  A worker ant zombie (D:9)
  9 wandering mushrooms
  155 toadstools
166 creatures vanquished.

Grand Total: 415 creatures vanquished

Notes
Turn   | Place    | Note
-------+----------+-------------------------------------------
     0 | D:1      | M4edhros the Octopode Artificer began the quest for the Orb.
     0 | D:1      | Reached XP level 1. HP: 13/13 MP: 3/3
   194 | D:2      | Reached XP level 2. HP: 12/18 MP: 4/4
   252 | D:2      | Found a blossoming altar of Fedhas.
   408 | D:3      | Found an opulent altar of Gozag.
   456 | D:3      | Found a faded altar of an unknown god.
   462 | D:3      | Reached XP level 3. HP: 17/23 MP: 5/5
   636 | D:3      | Reached skill level 5 in Stealth
   636 | D:3      | Reached XP level 4. HP: 28/28 MP: 6/6
  1074 | D:5      | Entered Level 5 of the Dungeon
  1138 | D:5      | Reached XP level 5. HP: 33/33 MP: 7/7
  1195 | D:5      | Noticed a sky beast
  1203 | D:5      | Killed a sky beast
  1203 | D:5      | Reached XP level 6. HP: 24/38 MP: 8/8
  1207 | D:5      | Gained mutation: You have a pair of small antennae on your head. [mutagenic meat]
  1208 | D:5      | Gained mutation: You are partially covered in iridescent scales. (AC +2) [mutagenic meat]
  1210 | D:5      | Gained mutation: You are frail. (-10% HP) [mutagenic meat]
  1211 | D:5      | Gained mutation: You are occasionally teleported next to monsters. [mutagenic meat]
  1212 | D:5      | Gained mutation: You do not regenerate when monsters are visible. [mutagenic meat]
  1276 | D:6      | Noticed an orc warrior
  1308 | D:6      | Killed an orc warrior
  1355 | D:6      | Noticed an orc warrior
  1391 | D:5      | Reached XP level 7. HP: 33/38 MP: 9/9
  1424 | D:5      | Found a staircase to the Ecumenical Temple.
  1430 | Temple   | Entered the Ecumenical Temple
  1543 | D:5      | Reached skill level 12 in Shields
  1543 | D:5      | Reached XP level 8. HP: 43/43 MP: 10/10
  1840 | D:4      | Lost mutation: You are occasionally teleported next to monsters. [potion of mutation]
  1840 | D:4      | Lost mutation: You are frail. (-10% HP) [potion of mutation]
  1840 | D:4      | Gained mutation: You have supernaturally acute eyesight. (SInv) [potion of mutation]
  2005 | D:2      | Became a worshipper of Fedhas Madash
  2402 | D:4      | Reached * piety under Fedhas
  2713 | D:6      | Reached ** piety under Fedhas
  2722 | D:6      | Found a snail-covered altar of Cheibriados.
  2744 | D:6      | Reached skill level 1 in Invocations
  2898 | D:8      | Noticed Erica
  2909 | D:8      | Reached skill level 10 in Stealth
  2912 | D:8      | Reached XP level 9. HP: 38/54 MP: 12/12
  2995 | D:8      | Noticed a queen bee
  3003 | D:8      | Killed a queen bee
  3206 | D:8      | Noticed Maurice
  3226 | D:8      | Killed Maurice
  3532 | D:8      | Noticed Pikel
  3541 | D:8      | Noticed Pikel
  3541 | D:8      | Pikel changed into Pikel the human
  3542 | D:8      | Noticed Pikel
  3542 | D:8      | Pikel the human changed into Pikel the warg
  3557 | D:8      | Killed Erica
  3557 | D:8      | Reached skill level 1 in Polearms
  3557 | D:8      | Reached XP level 10. HP: 28/63 MP: 13/13
  3559 | D:8      | Killed Pikel the warg
  3666 | D:9      | Reached skill level 5 in Evocations
  3670 | D:9      | Reached *** piety under Fedhas
  4013 | D:9      | HP: 2/63 [electric eel/bolt of electricity (13)]
  4182 | D:9      | Found a staircase to the Orcish Mines.
  4205 | D:9      | Reached **** piety under Fedhas
  4241 | Orc:1    | Entered Level 1 of the Orcish Mines
  4253 | Orc:1    | Reached skill level 5 in Invocations
  4292 | Orc:1    | Noticed an orc knight
  4319 | Orc:1    | Killed an orc knight
  4351 | Orc:1    | Noticed an orc sorcerer
  4357 | Orc:1    | Noticed a smoke demon
  4362 | Orc:1    | Killed an orc sorcerer
  4492 | Orc:2    | Entered Level 2 of the Orcish Mines
  4518 | Orc:2    | Found a frozen archway.
  4536 | Orc:2    | Found a staircase to the Elven Halls.
  4547 | Orc:2    | Found a roughly hewn altar of Beogh.
  4603 | Orc:2    | Noticed an orc sorcerer
  4619 | Orc:2    | Killed an orc sorcerer
  4619 | Orc:2    | Reached XP level 11. HP: 68/68 MP: 15/15
  4701 | Orc:2    | Noticed Sonja
  4706 | Orc:2    | Killed Sonja
  4717 | Orc:2    | Noticed a sixfirhy
  4723 | Orc:2    | Killed a sixfirhy
  4760 | Orc:2    | Noticed a sun demon
  4837 | IceCv    | Entered an ice cave
  4837 | IceCv    | Noticed a white ugly thing
  4868 | IceCv    | Mangled by a white ugly thing

Vault maps used:
D:1:      dpeg_arrival_pond
D:2:      fedhas_altar_1
D:3:      lemuel_crystal_altar, first_bread, chequers_ecumenical_altar_island,
          minmay_shallow_snake_nest
D:4:      kennysheep_slugbush, bh_chokoban, serial_park_tiny_2
D:5:      minmay_temple_entry_butterflies
D:6:      nicolae_overflow_hidden_temple
D:8:      david_nohive_1, uniq_pikel, uniq_erica, uniq_maurice
D:9:      tgw_sif, erik_orc_2, hangedman_decor_clover_reticule
Temple:   regret_index_temple_mists
Orc:1:    minmay_orc_barracks, uniq_erolcha
Orc:2:    pf_orc_diabolical, portal_ice_cave_entry_pillars_1,
          hangedman_feature_mirror, uniq_sonja
IceCv:    ice_cave_statue_garden_teleport

Skill      XL: |  1  2  3  4  5  6  7  8  9 10 11 |
---------------+----------------------------------+-----
Stealth        | 3 4 5 6 8 9 10 11 | 11.2
Shields        | 12 | 12.6
Fighting       | 2 3 4 |  4.4
Evocations     | 4 5 |  5.8
Invocations    | 1 4 5 6 |  6.1
Dodging        | 3 4 |  4.4
Polearms       | 1 3 4 |  4.4
Short Blades   | |  1.0

Action                   |  1- 3 |  4- 6 |  7- 9 | 10-12 || total
-------------------------+-------+-------+-------+-------++-------
Melee: Short sword       |    35 |       |       |       ||    35
       Constrict         |     7 |    11 |    46 |    39 ||   103
       Tentacles         |     8 |     5 |    26 |    33 ||    72
       Mace              |     2 |     4 |       |       ||     6
       Trident           |       |    41 |   216 |   183 ||   440
Invok: Fungal Bloom      |       |       |    31 |    30 ||    61
       Evolution         |       |       |     4 |     7 ||    11
Evoke: Wand              |     2 |    10 |     9 |    44 ||    65
  Use: Scroll            |       |     4 |    13 |     1 ||    18
       Potion            |       |       |     4 |     1 ||     5
 Stab: Sleeping          |     8 |     4 |    29 |     8 ||    49
       Paralysed         |       |     4 |     4 |     4 ||    12
       Distracted        |       |       |     1 |     1 ||     2
       Betrayed ally     |       |       |     1 |       ||     1
       Confused          |       |       |     1 |       ||     1
  Eat: Chunk             |     4 |     6 |     3 |       ||    13
       Royal jelly       |       |       |     2 |     5 ||     7
Armor: Skin              |     5 |     6 |    28 |    18 ||    57
Dodge: Dodged            |    14 |    22 |    89 |    98 ||   223
Block: Shield            |     3 |    11 |   102 |    97 ||   213
